 Dungeon Crawl Stone Soup version 0.29.1-12-g30fa7ad0bf (webtiles) character file.

Game seed: 7471034661452367463

70 hawla the Chiller (level 4, -1/49 HPs)
             Began as a Meteoran Ice Elementalist on Jan 14, 2023.
             Succumbed to an orc priest's poison
             ... on level 4 of the Dungeon.
             The game lasted 00:04:04 (716 turns).

hawla the Chiller (Meteoran Ice Elementalist)        Turns: 716, Time: 00:04:05

Health: -1/49      AC:  2    Str:  9    XL:     4   Next: 72%
Magic:  8/11       EV: 13    Int: 19    God:
Gold:   52         SH:  0    Dex: 14    Spells: 7/11 levels left

rFire   . . .      SeeInvis .   (no weapon)
rCold   . . .      Faith    .   (no shield)
rNeg    . . .      Spirit   .   a - +0 robe
rPois   .          Reflect  .   (no helmet)
rElec   .          Harm     .   (no cloak)
rCorr   .          Rampage  .   (no gloves)
Will    .....                   (no boots)
Stlth   ..........              (no amulet)
HPRegen 0.16/turn               (no ring)
MPRegen 0.12/turn               (no ring)

@: berserking, lethally poisoned (-1 -> -12), flying, hasted, glowing, very
quick
A: sense surroundings 1, otherworldly, glowing, explore regen
a: no special abilities


You were on level 4 of the Dungeon.
You visited 1 branch of the dungeon, and saw 4 of its levels.

You collected 52 gold pieces.

Inventory:

Armour
 a - a +0 robe (worn)
Jewellery
 j - a ring of willpower
Scrolls
 b - a scroll of identify
Potions
 c - a potion of cancellation
 i - a potion of haste


   Skills:
 + Level 2.9 Dodging
 - Level 1.4 Stealth
 + Level 4.1 Spellcasting
 + Level 5.2 Ice Magic


You had 7 spell levels left.
You knew the following spells:

 Your Spells              Type           Power      Damage    Failure   Level
a - Freeze                Ice            92%        1d10      1%          1
b - Frozen Ramparts       Ice            46%        1d7       4%          3

Your spell library contained the following spells:

 Spells                   Type           Power      Damage    Failure   Level
 Ozocubu's Armour         Ice            23%        N/A       4%          3
 Hailstorm                Conj/Ice       13%        3d5       43%         4


Dungeon Overview and Level Annotations

Branches:
Dungeon (4/15) Zot: 1686
 Temple: D:4-7

Altars:
Makhleb


Innate Abilities, Weirdness & Mutations

You passively map a small area around you.
You are easily found by Zot.
You glow in the dark.
You regain HP and MP as you explore.


Message History

It is a scroll of amnesia.
Really abort (and waste the scroll)?
Okay, then.
The goblin misses you.
As you read the scroll labelled HUCAWN HODASM, it crumbles to dust.
It is a scroll of identify.
c - a potion of cancellation The orc priest miscasts a cantrip.
The goblin barely misses you.
As you read the scroll labelled YSTI XIURIQE, it crumbles to dust.
You feel aware of your surroundings.
It was a scroll of magic mapping.
The goblin hits you with a +0 club.
* * * LOW HITPOINT WARNING * * *
It was a potion of haste.
You feel yourself speed up. The goblin barely misses you.
It was a potion of flight.
You feel very buoyant.
You fly up into the air.
It was a potion of curing.
You feel better.
The orc priest invokes the aid of Beogh against you.
Beogh smites you!
* * * LOW HITPOINT WARNING * * *
The goblin hits you with a +0 club.
* * * LOW HITPOINT WARNING * * *
It was a potion of berserk rage.
A red film seems to cover your vision as you go berserk!
You feel yourself moving faster!
You feel mighty! The goblin hits you with a +0 club.
* * * LOW HITPOINT WARNING * * *
You punch the goblin!
You kill the goblin!
The orc priest casts a cantrip, but nothing happens.
You see here a +0 club.
You closely miss the orc priest.
The orc priest hits you with a +0 dagger of venom.
* * * LOW HITPOINT WARNING * * *
You are lethally poisoned!
You hit the orc priest.
The orc priest is moderately wounded.
You die...

,*##~~~~~~###.#**,,,,,*,,,,,,,,*
,,..~~........# **,,,**,***,**,*
,,.~~.........# **+#**,* *,**,**
,,~....~~.....# *.# *,* *,,,,,,
,,~..~~..~....# #.# *,* ****,*,
,,.~~....~....## ##.##*,* *,*,
,,....⌠~~.....[###...##,******,*,
,,...~~⌠......o##.....#,,,,,,,,*,
,,..~...$~~..ooo@.....##********,
,,..~..~~..~.)####.....####*****,
,,...~~....~..# #..........,,,,,,
,,.......~~...# ##.....###*******
,,......~~....# ##...##
,*##~~~~~~###.# #..## ** ##~~~~##
### #.## #####* *#######.###
*........#.##


You could see 2 orc priests and 2 orcs.

Vanquished Creatures
  A hound (D:4)
  A worm (D:4)
  2 dart slugs
  2 bats
  An endoplasm (D:1)
  2 giant cockroaches (D:1)
  4 goblins
  3 hobgoblins
  2 jackals (D:1)
  3 kobolds
  3 quokkas
  2 ball pythons
  A frilled lizard (D:3)
27 creatures vanquished.

Notes
Turn   | Place    | Note
-------+----------+-------------------------------------------
     0 | D:1      | hawla the Meteoran Ice Elementalist began the quest for the
                  | Orb.
     0 | D:1      | Reached XP level 1. HP: 14/14 MP: 5/5
   155 | D:1      | Reached XP level 2. HP: 10/20 MP: 4/6
   181 | D:1      | Found a faded altar of an unknown god.
   375 | D:2      | Reached XP level 3. HP: 26/26 MP: 6/8
   458 | D:3      | Found a burning altar of Makhleb.
   485 | D:3      | Reached skill level 5 in Ice Magic
   502 | D:3      | Learned a level 3 spell: Frozen Ramparts
   685 | D:4      | Reached XP level 4. HP: 28/33 MP: 4/11
   712 | D:4      | HP: 2/49 [goblin/+0 club (2)]
   716 | D:4      | Succumbed to an orc priest's poison

Illustrated notes

Levels and vault maps discovered:
D:1:      dpeg_arrival_morbid_curiosity, layout_loops_ring,
          shapermc_ecumenical_altar_pompeii
D:2:      layout_loops_corners, basic_altar, kennysheep_nondescript
D:3:      wander_river, layout_loops_ring, mainiacjoe_overflow_brackets,
          st_stairs_8, chequers_serial_rivers_micro_d, dk_vineyard_2,
          kennysheep_generic_room_15, uniq_jessica
D:4:      cheibrodos_helix_gallery, layout_loops_corners,
          kennysheep_generic_room_8

Skill      XL: |  1  2  3 |
---------------+----------+-----
Spellcasting   | 3 4 |  4.1
Ice Magic      | 5 |  5.2
Dodging        | |  2.9
Stealth        | |  1.4

Action                   |  1- 3 |  4- 6 || total
-------------------------+-------+-------++-------
Melee: Unarmed           |    10 |     3 ||    13
 Cast: Freeze            |    39 |     1 ||    40
       Frozen Ramparts   |     2 |       ||     2
  Use: Potion            |     1 |     4 ||     5
       Scroll            |       |     3 ||     3
Armor: Robe              |     5 |     2 ||     7
Dodge: Dodged            |    31 |     4 ||    35
